 Dungeon Crawl Stone Soup version 0.23.0 (webtiles) character file.

Game seed: 5257541190852971328

74 Tiagovsky the Skirmisher (level 4, -1/38 HPs)
             Began as a Barachi Monk on Feb 10, 2019.
             Killed from afar by Natasha (6 damage)
             ... with a magic dart
             ... on level 1 of the Dungeon.
             The game lasted 00:05:29 (2062 turns).

Tiagovsky the Skirmisher (Barachi Monk)             Turns: 2062, Time: 00:05:31

Health: -1/38      AC:  3    Str: 13    XL:     4   Next: 30%
Magic:  4/4        EV: 14    Int: 11    God:
Gold:   35         SH:  0    Dex: 14    Spells: 3/3 levels left

rFire    . . .     SeeInvis .   w - +0 falchion
rCold    . . .     Gourm    .   (no shield)
rNeg     . . .     Faith    .   b - +0 robe
rPois    .         Spirit   .   m - +0 helmet
rElec    .         Reflect  .   (no cloak)
rCorr    .         Harm     .   (no gloves)
MR       .....                  (no boots)
Stlth    ++........             (no amulet)
HPRegen  0.12/turn              (no ring)
MPRegen  0.09/turn              (no ring)

@: slowed, very slow
A: +LOS, swims, slowness 1, strong legs 1
a: Hop


You were on level 1 of the Dungeon.
You were not hungry.

You visited 1 branch of the dungeon, and saw 2 of its levels.

You collected 35 gold pieces.

Inventory:

Hand Weapons
 q - a +0 hunting sling
 w - a +0 falchion (weapon)
Missiles
 g - 15 sling bullets
Armour
 b - a +0 robe (worn)
 j - a +0 chain mail
 m - a +0 helmet (worn)
Jewellery
 h - an uncursed ring of wizardry {unknown}
Scrolls
 f - a scroll of enchant armour {unknown}
 l - 2 scrolls of magic mapping {unknown}
 n - a scroll of fog {unknown}
 o - a scroll of teleportation {unknown}
Potions
 a - a potion of berserk rage {unknown}
 d - 2 potions of haste {unknown}
 e - a potion of heal wounds {unknown}
 k - 2 potions of might {unknown}
Comestibles
 c - 2 rations


   Skills:
 + Level 4.6 Fighting
 + Level 4.5 Long Blades
 + Level 4.1 Dodging
 - Level 1.7 Stealth


You had 3 spell levels left.
You didn't know any spells.
Your spell library was empty.

Dungeon Overview and Level Annotations

Branches:
Dungeon (2/15)

Altars:

Annotations:
D:1 Natasha


Innate Abilities, Weirdness & Mutations

Shadows flee at your approach. (+LOS)
You can swim through water.
You cover ground slowly.
You can hop short distances.


Message History

You barely miss the white imp.
The white imp is lightly wounded.
Natasha completely misses you. The white imp closely misses you.
Natasha closely misses you.
Unknown command.
You hit the white imp.
The white imp is moderately wounded.
The white imp grinds its teeth.
The white imp gestures at you. The puff of frost hits you! Natasha claws you.
* * * LOW HITPOINT WARNING * * *
The white imp closely misses you.
You barely miss the white imp.
The white imp is moderately wounded.
The white imp disappears in a puff of smoke!
Natasha claws you.
* * * LOW HITPOINT WARNING * * *
Natasha stares at you and mumbles some strange words.
The magic dart hits you.
You die...

# ################# ####
#......##.......# ##.##
#.####.##.......## #.#..
#.#
##.##........#######.##
#.#
#....................##
#.#
#....))).......########
#.# #..##[@ยง......##
### #.###..##..h.....##
#.. #......####.####.#
#.# #####...# #.# #.#
#.# #.#.###.# ##'## #.#
#.......###...## #.#
###.######.....## #..
##..# ##.......## #..
##...####.........####..


You could see Natasha.

Vanquished Creatures
  Robin (D:1)
  An adder (D:1)
  A worm (D:2)
  2 dart slugs (D:1)
  2 leopard geckos (D:1)
  A ball python (D:1)
  A bat (D:1)
  2 giant cockroaches (D:1)
  12 goblins
  2 hobgoblins (D:1)
  8 jackals (D:1)
  A frilled lizard (D:1)
  2 kobolds (D:1)
  4 rats (D:1)
40 creatures vanquished.

Notes
Turn   | Place    | Note
-------+----------+-------------------------------------------
     0 | D:1      | Tiagovsky the Barachi Monk began the quest for the Orb.
     0 | D:1      | Reached XP level 1. HP: 18/18 MP: 1/1
   292 | D:1      | Reached XP level 2. HP: 20/25 MP: 2/2
   816 | D:1      | Reached XP level 3. HP: 28/30 MP: 3/3
  1274 | D:2      | Noticed Robin
  1280 | D:1      | Killed Robin
  1709 | D:1      | Reached XP level 4. HP: 29/38 MP: 4/4
  1885 | D:2      | Noticed Natasha
  2062 | D:1      | Killed from afar by Natasha

Skill      XL: |  1  2  3 |
---------------+----------+-----
Fighting       | 4 |  4.6
Long Blades    | 4 |  4.5
Dodging        | 4 |  4.1
Stealth        | |  1.7

Action                   |  1- 3 |  4- 6 || total
-------------------------+-------+-------++-------
Melee: Falchion          |    72 |    28 ||   100
 Fire: Hunting sling     |    18 |     3 ||    21
 Abil: Hop               |       |     1 ||     1
 Stab: Sleeping          |     1 |       ||     1
  Eat: Chunk             |     3 |     1 ||     4
Armor: Robe              |    20 |     8 ||    28
Dodge: Dodged            |    76 |    26 ||   102
       Rpst.: Falchion   |    30 |     6 ||    36
